 Dungeon Crawl Stone Soup version 0.31-a0-981-geadf994542 (webtiles) character file.

Game seed: 469424512898707013

637 ytrimaz the Sneak (level 7, -1/34 HPs)
             Began as a Vine Stalker Brigand on Nov 1, 2023.
             Slain by an orc
             ... wielding a +0 club
              (3 damage)
             ... on level 5 of the Dungeon.
             The game lasted 00:06:16 (3650 turns).

ytrimaz the Sneak (Vine Stalker Brigand)            Turns: 3650, Time: 00:06:17

Health: -1/34      AC:  2    Str: 11 (13) XL:     7   Next: 50%
Magic:  0/8        EV: 11    Int:  8 (9)  God:
Gold:   242        SH:  0    Dex: 17 (18) Spells: 6/6 levels left

rFire   . . .        a - +2 dagger
rCold   . . .        (no shield)
rNeg    . . .        b - +0 robe
rPois   .            (helmet currently unavailable)
rElec   .            c - melded +0 cloak
rCorr   .            (gloves currently unavailable)
SInv    .            (boots currently unavailable)
Will    +....        (no amulet)
Stlth   ++++         s - ring of flight
HPRegen 1.05/turn    w - ring of willpower
MPRegen 0.11/turn

%: guardian spirit
@: beast-form, flying
A: beast (slay +2), fangs 2, regeneration 1, magic shield, antimagic bite, no
potion heal 2, dopey 1
a: Begin Untransformation


You were on level 5 of the Dungeon.
You were a hulking beast.
You visited 2 branches of the dungeon, and saw 6 of its levels.

You collected 242 gold pieces.


Innate Abilities, Weirdness & Mutations

You are a hulking beast.
Your limbs bulge with bestial killing power. (Slay +2)
You have extremely sharp teeth.
Your natural rate of healing is unusually fast.
When hurt, damage is shared between your health and your magic reserves.
Your bite disrupts and absorbs the magic of your enemies.
Potions cannot restore your health.
You are dopey. (Int -2)


   Skills:
 - Level 1.7 Fighting
 + Level 4.5 Short Blades
 - Level 2.2 Throwing
 - Level 0.7 Dodging
 + Level 7.6 Stealth
 + Level 3.6 Shapeshifting


You had 6 spell levels left.
You didn't know any spells.
Your spell library contained the following spells:

 Spells                   Type           Power      Damage    Failure   Level
 Ensorcelled Hibernation  Hex/Ice        0%         N/A       54%         2
 Passwall                 Tmut/Erth      0%         N/A       54%         2
 Swiftness                Air            0%         N/A       78%         3

Inventory:

Hand Weapons
 a - a +2 dagger (weapon)
Missiles
 d - 10 poisoned darts (quivered)
 e - 3 curare-tipped darts
Armour
 b - a +0 robe (worn)
 c - a +0 cloak (melded)
Jewellery
 s - a ring of flight (left hand)
   (You found it on level 3 of the Dungeon)
 v - a ring of ice
   (You found it on level 4 of the Dungeon)
 w - a ring of willpower (right hand)
   (You found it on level 4 of the Dungeon)
Talismans
 j - a beast talisman (active)
   (You found it on level 1 of the Dungeon)
Wands
 z - a wand of light (11)
   (You found it on level 5 of the Dungeon)
Scrolls
 f - 2 scrolls of enchant armour {unknown}
 i - 3 scrolls of teleportation {unknown}
 k - 2 scrolls of noise {unknown}
 l - 2 scrolls of immolation {unknown}
 n - 2 scrolls of blinking {unknown}
 o - a scroll of enchant weapon {unknown}
 p - 3 scrolls of identify {unknown}
 t - a scroll of revelation {unknown}
 y - a scroll of fog {unknown}
 A - a scroll of fear {unknown}
Potions
 g - a potion of attraction {unknown}
 m - a potion of mutation
 q - 3 potions of curing
 r - a potion of might {unknown}
 u - a potion of resistance {unknown}
 x - a potion of brilliance {unknown}

Dungeon Overview and Level Annotations

Branches:
Dungeon (5/15) Zot: 26426  Temple (1/1) D:4 Zot: 5955

Altars:
Ashenzari
Cheibriados
Dithmenos
Elyvilon
Fedhas
Gozag
Hepliaklqana
Kikubaaqudgha
Makhleb
Nemelex Xobeh
Okawaru
Qazlal
Ru
Sif Muna
Trog
Wu Jian
Xom
The Shining One

Annotations:
D:3 2 transporters
Temple 2 transporters

##### #.......# #...#
#.......# ## #...#
#.......# .## #...#
#.......# ...#. ....##
+....{..# .... .....#
#.......#... .....####
#....o..#.# ........#
#######o..# ....###.#
#h{### ....# #.#
#####o####### ....###+##
#............
####.....###.###.#######
#.....'[..##..#
#.....#####..##
#.....###...##
#.....##..###
########.##


You could see 2 orcs.


Message History

Beogh smites you! The orc closely misses you.
The orc wizard shouts! 😮 HP[-10] MP[-2]
You take 10 damage, and now have 24/34 hp.
MASSIVE DAMAGE!! (PAUSE)
You lost 2 mp, and now have 6/8 mp.
The orc hits you with a +0 club.
The orc priest calls down the wrath of Beogh upon you.
You easily resist.
The orc attacks as it pursues you! The orc closely misses you.
The orc wizard gestures wildly while chanting.
The orc wizard flickers and vanishes!
Deactivating autopickup; reactivate with Ctrl-A. 😮 MP[-1]
You lost 1 mp, and now have 5/8 mp. 😮 HP[+1] 😕 HP[+1]
Okay, then.
It was a potion of mutation.
You feel extremely strange.
You feel stupid. 😕 HP[+1] It was a potion of curing.
That felt strangely inert.
The orc priest hits you with a +0 short sword. 😕 HP[-1]
You take 1 damage, and now have 26/34 hp.
You hit the orc. The orc hits you with a +0 club.
The orc priest barely misses you. 😮 HP[-1] MP[-1]
You take 1 damage, and now have 25/34 hp.
You lost 1 mp, and now have 4/8 mp.
Unknown command.
You hit the orc but do no damage. Your bite misses the orc.
You hear the slow hiss of an avalanche of sand very nearby.
The orc hits you with a +0 short sword. 😮 HP[-2]
You take 2 damage, and now have 23/34 hp.
You barely miss the orc. The orc hits you but does no damage.
The orc priest invokes the aid of Beogh against you.
You easily resist. 😮 HP[+1] Unknown command.
Okay, then.
You closely miss the orc priest. The orc hits you with a +0 club.
The orc priest calls upon Beogh to heal the orc.
The orc's wounds heal themselves! 😮 HP[-2] MP[+1]
You take 2 damage, and now have 22/34 hp.
You hit the orc priest. The orc hits you with a +0 club.
The orc priest hits you with a +0 short sword.
You hear some strange, mumbled words.
A magic dart appears from out of thin air!
The magic dart hits you.
* * * LOW HITPOINT WARNING * * *
😨 HP[-8] MP[-2]
You take 8 damage, and now have 14/34 hp.
MASSIVE DAMAGE!! (PAUSE)
You lost 2 mp, and now have 3/8 mp.
You hit the orc priest.
Your bite misses the orc priest. 😨 HP[+1]
You puncture the orc priest!
You kill the orc priest!
The orc hits you but does no damage. Something hits you.
* * * LOW HITPOINT WARNING * * *
😨 HP[-1]
You take 1 damage, and now have 14/34 hp.
Unknown command.
You puncture the orc!
You kill the orc!
The orc barely misses you.
Something hits you but does no damage. 😨 HP[+1]
You hit the orc. Your bite misses the orc. The orc hits you with a +0 club.
* * * LOW HITPOINT WARNING * * *
The orc hits you with a +0 club.
* * * LOW HITPOINT WARNING * * *
You hear some strange, mumbled words.
A magic dart appears from out of thin air!
The magic dart hits you.
* * * LOW HITPOINT WARNING * * *
😱 HP[-8] MP[-2]
You take 8 damage, and now have 7/34 hp.
MASSIVE DAMAGE!! (PAUSE)
You lost 2 mp, and now have 1/8 mp.
You hit something. Your bite misses something. The orc hits you with a +0 club.
* * * LOW HITPOINT WARNING * * *
The orc hits you with a +0 club.
* * * LOW HITPOINT WARNING * * *
😱 HP[-4]
You take 4 damage, and now have 3/34 hp.
You hit something but do no damage. You punch something.
Your bite misses something. Something hits you.
* * * LOW HITPOINT WARNING * * *
😱 HP[-2] MP[-1]
You take 2 damage, and now have 1/34 hp.
You lost 1 mp, and now have 0/8 mp.
Unknown command.
It was a potion of degeneration.
There was something very wrong with that liquid.
You feel weakened.
You feel dopey.
You feel clumsy. The orc misses you. The orc hits you with a +0 club.
You die...

Skill      XL: |  1  2  3  4  5  6 |
---------------+-------------------+-----
Short Blades   | 2 3 4 |  4.5
Throwing       | 2 |  2.2
Stealth        | 5 6 7 |  7.6
Shapeshifting  | 1 2 3 |  3.6
Fighting       | |  1.7
Dodging        | |  0.7

Action                     |  1- 3 |  4- 6 |  7- 9 || total
---------------------------+-------+-------+-------++-------
  Melee: Dagger            |    89 |    91 |    21 ||   201
         Bite              |    14 |    20 |     2 ||    36
         Punch             |       |       |     1 ||     1
  Throw: Dart              |       |    18 |       ||    18
    Use: Potion            |       |       |     3 ||     3
   Stab: Sleeping          |    15 |    11 |     4 ||    30
         Distracted        |       |     1 |       ||     1
 Armour: Robe              |    34 |    51 |    22 ||   107
  Dodge: Dodged            |    38 |    39 |     6 ||    83
   Form: Beast             |     1 |       |       ||     1

Levels and vault maps discovered:
D:1:      scummos_arrival_hexagon, layout_basic
D:2:      cheibrodos_helix_gallery, layout_basic
D:3:      gammafunk_wand_slinger, layout_basic, fedhas_altar_4,
          mainiacjoe_overflow_surrounded_room,
          nicolae_concentric_dashed_squares_wild, grunt_ministairs_10
D:4:      layout_basic, mainiacjoe_overflow_brackets,
          minmay_temple_entry_sparse_star, lightli_minifort
D:5:      layout_basic, enter_ossuary_5, serial_shops,
          nicolae_shop_advertising_works [nicolae_subvault_shop_adworks]
Temple:   hellmonk_temple_divided_pantheon

Notes
Turn   | Place    | Note
-------+----------+-------------------------------------------
     0 | D:1      | ytrimaz the Vine Stalker Brigand began the quest for the
                  | Orb.
     0 | D:1      | Reached XP level 1. HP: 11/11 MP: 2/2
     0 | D:1      | magus.rc [v1.9.6]
   123 | D:1      | Reached skill level 2 in Short Blades
   123 | D:1      | Reached skill level 2 in Throwing
   123 | D:1      | Reached skill level 5 in Stealth
   136 | D:1      | Reached XP level 2. HP: 7/15 MP: 0/3
   508 | D:1      | Reached XP level 3. HP: 18/18 MP: 4/4
  1399 | D:2      | Reached XP level 4. HP: 23/23 MP: 5/5
  1642 | D:3      | Reached skill level 1 in Shapeshifting
  1990 | D:3      | magus.rc [v1.9.6]
  1991 | D:3      | Noticed a centaur
  1994 | D:3      | Killed a centaur
  1995 | D:3      | Reached skill level 3 in Short Blades
  1995 | D:3      | Reached skill level 6 in Stealth
  1995 | D:3      | Reached XP level 5. HP: 26/26 MP: 6/6
  1999 | D:3      | Found a burning altar of Makhleb.
  2169 | D:3      | Reached skill level 2 in Shapeshifting
  2173 | D:3      | HP: 5/26 [orc/+0 hand axe (4)]
  2201 | D:3      | Reached XP level 6. HP: 14/30 MP: 3/7
  2259 | D:3      | Found a transporter.
  2398 | D:3      | Found a transporter.
  2614 | D:3      | Found a blossoming altar of Fedhas.
  2665 | D:4      | Found a shimmering blue altar of Sif Muna.
  2807 | D:4      | You pick up a book of Burglary and begin reading...
  2807 | D:4      | You add the spells Passwall, Ensorcelled Hibernation and
                  | Swiftness to your library.
  2934 | D:4      | HP: 5/30 [gnoll/+0 flail[a gnoll sergeant] (7)]
  2935 | D:4      | HP: 2/30 [gnoll/+0 flail[a gnoll sergeant] (4)]
  3099 | D:4      | Noticed a hornet
  3113 | D:4      | Killed a hornet
  3114 | D:4      | Reached skill level 4 in Short Blades
  3114 | D:4      | Reached skill level 7 in Stealth
  3114 | D:4      | Reached skill level 3 in Shapeshifting
  3114 | D:4      | Reached XP level 7. HP: 34/34 MP: 8/8
  3135 | D:4      | Found a staircase to the Ecumenical Temple.
  3154 | Temple   | Found a transporter.
  3154 | Temple   | Found a transporter.
  3154 | Temple   | Found a transporter.
  3154 | Temple   | Found a transporter.
  3154 | Temple   | Entered the Ecumenical Temple
  3488 | D:5      | Entered Level 5 of the Dungeon
  3637 | D:5      | Gained mutation: You are dopey. (Int -2) [potion of
                  | mutation]
  3647 | D:5      | HP: 7/34 [something/magic dart (4)]
  3648 | D:5      | HP: 3/34 [orc/+0 club (3)]
  3649 | D:5      | HP: 1/34 [something (3)]
  3650 | D:5      | Slain by an orc

Vanquished Creatures
  A hornet (D:4)
  A centaur (D:3)
  A gnoll sergeant (D:4)
  2 orc priests
  2 iguanas
  An orc wizard (D:3)
  4 adders
  6 gnolls
  3 worms
  A dart slug (D:4)
  4 orcs
  8 ball pythons
  7 endoplasms
  2 giant cockroaches (D:4)
  7 hobgoblins
  2 jackals (D:2)
  7 kobolds
  4 quokkas
  2 bats
  2 frilled lizards
  6 goblins
  7 rats
80 creatures vanquished.

Table legend:
 A = Non-vault XP
 B = Vault XP
 C = Vault XP percentage of total XP
 D = Non-vault monster count
 E = Vault monster count
 F = Vault count percentage of total count
                 A         B        C        D         E       F
            +---------+---------+-------+---------+---------+-------
      Total |     660 |     250 |  27.5 |      66 |      14 |  17.5
            +---------+---------+-------+---------+---------+-------
        D:1 |      55 |       0 |   0.0 |      24 |       0 |   0.0
        D:2 |      26 |       3 |  10.3 |      12 |       2 |  14.3
        D:3 |     166 |      99 |  37.4 |      14 |       6 |  30.0
        D:4 |     320 |     148 |  31.6 |      12 |       6 |  33.3
        D:5 |      93 |       0 |   0.0 |       4 |       0 |   0.0
            +---------+---------+-------+---------+---------+-------

Skill      XL: |  1  2  3  4  5  6 |
---------------+-------------------+-----
Short Blades   | 2 3 4 |  4.5
Throwing       | 2 |  2.2
Stealth        | 5 6 7 |  7.6
Shapeshifting  | 1 2 3 |  3.6
Fighting       | |  1.7
Dodging        | |  0.7

Action                     |  1- 3 |  4- 6 |  7- 9 || total
---------------------------+-------+-------+-------++-------
  Melee: Dagger            |    89 |    91 |    21 ||   201
         Bite              |    14 |    20 |     2 ||    36
         Punch             |       |       |     1 ||     1
  Throw: Dart              |       |    18 |       ||    18
    Use: Potion            |       |       |     3 ||     3
   Stab: Sleeping          |    15 |    11 |     4 ||    30
         Distracted        |       |     1 |       ||     1
 Armour: Robe              |    34 |    51 |    22 ||   107
  Dodge: Dodged            |    38 |    39 |     6 ||    83
   Form: Beast             |     1 |       |       ||     1

Illustrated notes

Table legend:
 A = Kills in this place as a percentage of kills in the entire game.
 B = Kills by you in this place as a percentage of kills by you in the entire game.
 C = Kills by friends in this place as a percentage of kills by friends in the entire game.
 D = Other kills in this place as a percentage of other kills in the entire game.
 E = Experience gained in this place as a percentage of experience gained in the entire game.
 F = Experience gained in this place divided by the number of levels of this place that you have seen.
                   A       B       C       D       E      F
               +-------+-------+-------+-------+-------+----------------------
         Total | 100.0 | 100.0 |   N/A |   N/A | 100.0 | 151.7
       Dungeon | 100.0 | 100.0 |   N/A |   N/A | 100.0 | 182.0
               +-------+-------+-------+-------+-------+----------------------

Table legend: (Time is in decaauts)
 A = Elapsed time spent in this place.
 B = Non-inter-level travel time spent in this place.
 C = Inter-level travel time spent in this place.
 D = Time resting spent in this place.
 E = Time spent auto-exploring this place.
 F = Levels seen in this place.
 G = Mean time per level.
                   A        B        C        D        E       F      G
               +--------+--------+--------+--------+--------+-----+--------+
         Total |   3617 |   3518 |     99 |     28 |   2763 |   6 |  602.8 |
       Dungeon |   3572 |   3473 |     99 |     28 |   2763 |   5 |  714.4 |
        Temple |     44 |     44 |      0 |      0 |      0 |   1 |   44.0 |
               +--------+--------+--------+--------+--------+-----+--------+

Top non-repeatable levels by time:
     D:3: 1028 daAuts
     D:1: 959 daAuts
     D:4: 784 daAuts
     D:2: 641 daAuts
     D:5: 158 daAuts
  Temple: 44 daAuts
